 Dungeon Crawl Stone Soup version 0.23-a0-448-g1c01f63 (webtiles) character file.

142 MisterFreud the Sneak (level 5, -1/48 HPs)
             Began as a Kobold Berserker on Nov 20, 2018.
             Was a Believer of Trog.
             Slain by an orc wizard
             ... wielding a +0 dagger
              (5 damage)
             ... on level 3 of the Dungeon.
             The game lasted 00:04:17 (2095 turns).

MisterFreud the Sneak (Kobold Berserker)            Turns: 2095, Time: 00:04:18

Health: -1/48      AC:  3    Str: 19    XL:     5   Next: 50%
Magic:  5/5        EV: 15    Int:  9    God:    Trog [**....]
Gold:   106        SH:  0    Dex: 15    Spells: 4/4 levels left

rFire    . . .     SeeInvis .   j - +0 rapier
rCold    . . .     Gourm    .   (shield restricted)
rNeg     . . .     Faith    .   b - +1 animal skin
rPois    .         Spirit   .   (no helmet)
rElec    .         Reflect  .   k - scarf {cloud immunity}
rCorr    .         Harm     .   (no gloves)
MR       .....                  (no boots)
Stlth    ..........             (no amulet)
HPRegen  0.16/turn              (no ring)
MPRegen  0.09/turn              (no ring)

@: berserking (expiring), very quick
A: small, carnivore
a: Berserk, Trog's Hand, Renounce Religion


You were on level 3 of the Dungeon.
You worshipped Trog.
Trog was pleased with you.
You were very full.

You visited 1 branch of the dungeon, and saw 3 of its levels.

You collected 106 gold pieces.

Inventory:

Hand Weapons
 a - a +0 short sword
 j - a +0 rapier (weapon)
Missiles
 g - 6 poisoned needles
 h - 21 bolts
 i - 63 stones (quivered)
Armour
 b - a +1 animal skin (worn)
 k - a scarf of cloud immunity (worn)
Potions
 e - a potion of mutation
 f - 2 potions of lignification {unknown}
 l - a potion of brilliance {unknown}
Comestibles
 c - 5 rations
 d - 3 chunks of flesh


   Skills:
 - Level 3.2 Fighting
 + Level 5.4 Short Blades
 - Level 1.5 Armour
 - Level 2.4 Dodging
 * Level 5.6 Stealth


You had 4 spell levels left.
You didn't know any spells.
Your spell library was empty.

Dungeon Overview and Level Annotations

Branches:
Dungeon (3/15)

Altars:
Ru


Innate Abilities, Weirdness & Mutations

You are small and have problems with some larger weapons.
You are carnivorous and can eat meat at any time.


Message History

The orc is heavily wounded.
You puncture the orc!
You kill the orc!
Trog accepts your kill. The orc hits you.
* * * LOW HITPOINT WARNING * * *
You puncture the orc!
You kill the orc!
Trog accepts your kill.
Okay, then.
Unknown command.
You see here a +0 club.
You feel a strong urge to attack something.
The orc wizard points at you and mumbles some strange words.
The magic dart hits you!
* * * LOW HITPOINT WARNING * * *
The orc wizard closely misses you.
You closely miss the orc wizard.
The orc wizard hits you with a +0 dagger.
You die...

#.......##
#........<........#
##.................#
#..................#
#..>..... #......#
####......# .##......#
#.........# .........#
.#.##......###########.#
......o@.)............รท#
..##.....)..##..######..
#..#......#..#.........
#............#..#####.#
############...# #.# .(##
#.# #.## #.# .. #.# #.


You could see an orc wizard.

Vanquished Creatures
  An orc priest (D:3)
  An orc wizard (D:2)
  3 adders
  A worm (D:2)
  A leopard gecko (D:1)
  2 orcs (D:3)
  6 bats
  2 giant cockroaches (D:2)
  8 goblins
  4 hobgoblins
  7 jackals
  2 frilled lizards (D:1)
  7 kobolds
  4 rats
49 creatures vanquished.

Notes
Turn   | Place    | Note
-------+----------+-------------------------------------------
     0 | D:1      | MisterFreud the Kobold Berserker began the quest for the
                  | Orb.
     0 | D:1      | Reached XP level 1. HP: 14/14 MP: 1/1
    66 | D:1      | Reached skill level 1 in Stealth
   243 | D:1      | Reached XP level 2. HP: 15/19 MP: 2/2
   912 | D:1      | Reached XP level 3. HP: 23/23 MP: 3/3
  1147 | D:2      | Found a sacrificial altar of Ru.
  1179 | D:2      | Reached ** piety under Trog
  1179 | D:2      | Reached XP level 4. HP: 17/28 MP: 4/4
  1485 | D:2      | Reached skill level 5 in Short Blades
  2057 | D:3      | Reached XP level 5. HP: 32/32 MP: 5/5
  2060 | D:3      | Reached skill level 5 in Stealth
  2095 | D:3      | Slain by an orc wizard

Vault maps used:
D:1:      matt_arrival_refuge, minmay_quantized
D:2:      nicolae_ru_great_annihilating_truth
D:3:      old_standard_altar, gammafunk_ghost_grave, minmay_strange_pillars,
          minmay_curled_crystal

Skill      XL: |  1  2  3  4  5 |
---------------+----------------+-----
Stealth        | 1 2 4 5 |  5.6
Short Blades   | 5 |  5.4
Fighting       | |  3.2
Armour         | |  1.5
Dodging        | |  2.4

Action                   |  1- 3 |  4- 6 || total
-------------------------+-------+-------++-------
Melee: Short sword       |    87 |    55 ||   142
       Rapier            |       |     9 ||     9
Invok: Berserk           |     1 |     3 ||     4
  Use: Potion            |     2 |       ||     2
       Scroll            |     3 |     1 ||     4
 Stab: Sleeping          |     5 |     7 ||    12
       Invisible         |       |     1 ||     1
  Eat: Chunk             |    10 |     5 ||    15
Armor: Animal skin       |    12 |    11 ||    23
Dodge: Dodged            |    66 |    42 ||   108

Table legend:
 A = Non-vault XP
 B = Vault XP
 C = Vault XP percentage of total XP
 D = Non-vault monster count
 E = Vault monster count
 F = Vault count percentage of total count
                 A         B        C        D         E       F
            +---------+---------+-------+---------+---------+-------
      Total |     156 |      48 |  23.5 |      43 |       6 |  12.2
            +---------+---------+-------+---------+---------+-------
        D:1 |      31 |       3 |   8.8 |      19 |       2 |   9.5
        D:2 |      54 |      45 |  45.5 |      16 |       4 |  20.0
        D:3 |      71 |       0 |   0.0 |       8 |       0 |   0.0
            +---------+---------+-------+---------+---------+-------
